 Dungeon Crawl Stone Soup version 0.24-a0-181-gd121a6d (webtiles) character file.

Game seed: 9872981546538513344

270 galech the Chopper (level 6, 47/47 HPs)
             Began as a Demonspawn Fighter on Mar 14, 2019.
             Quit the game on level 3 of the Dungeon.
             The game lasted 00:03:18 (2706 turns).

galech the Chopper (Demonspawn Fighter)             Turns: 2706, Time: 00:03:19

Health: 47/47      AC:  8    Str: 19    XL:     6   Next: 1%
Magic:  6/6        EV:  8    Int:  9    God:
Gold:   225        SH:  9    Dex: 15    Spells: 5/5 levels left

rFire    . . .     SeeInvis .   a - +0 war axe
rCold    . . .     Gourm    .   c - +0 shield
rNeg     . . .     Faith    .   b - +0 scale mail
rPois    .         Spirit   .   (no helmet)
rElec    .         Reflect  .   h - +0 cloak
rCorr    .         Harm     .   (no gloves)
MR       .....                  (no boots)
Stlth    ..........             (no amulet)
HPRegen  0.15/turn              o - +3 ring of strength
MPRegen  0.10/turn              (no ring)

@: very slow
A: hooves 1, demonic guardian 1
a: no special abilities


You were on level 3 of the Dungeon.
You were not hungry.

You visited 1 branch of the dungeon, and saw 3 of its levels.

You collected 225 gold pieces.

Inventory:

Hand Weapons
 a - a +0 war axe (weapon)
Armour
 b - a +0 scale mail (worn)
 c - a +0 shield (worn)
 h - a +0 cloak (worn)
 s - a scarf of cloud immunity
 u - a +2 robe of magic resistance
Jewellery
 o - a +3 ring of strength (left hand)
Scrolls
 e - 3 scrolls of remove curse {unknown}
 g - a scroll of fear {unknown}
 i - a scroll of magic mapping {unknown}
 j - 3 scrolls of enchant weapon {unknown}
 k - 4 scrolls of identify {unknown}
 l - 2 scrolls of teleportation {unknown}
 n - a scroll of amnesia {unknown}
Potions
 m - 2 potions of brilliance {unknown}
 p - a potion of magic {unknown}
 q - 3 potions of haste
 r - a potion of lignification {unknown}
Comestibles
 f - 4 rations


   Skills:
 + Level 3.6 Fighting
 + Level 3.9 Axes
 + Level 3.2 Armour
 + Level 1.4 Dodging
 + Level 0.1 Stealth
 + Level 3.8 Shields


You had 5 spell levels left.
You didn't know any spells.
Your spell library was empty.

Dungeon Overview and Level Annotations

Branches:
Dungeon (3/15)

Altars:
Xom


Innate Abilities, Weirdness & Mutations

You have large cloven feet.
A weak demonic guardian rushes to your aid.


Message History

You feel the presence of a demonic guardian.
You see here a goblin skeleton.
You see here a rat skeleton.
You now have 225 gold pieces (gained 16).
You see here a human skeleton.
You see here a rat skeleton.
There is an open door here.
Things that are here:
a +0 whip; a kobold corpse You see here a stone.
There is an open door here.
There is an open gate here.
You feel a little less mighty now.
Some of the chunks of flesh in your inventory have rotted away.
All of the chunks of flesh in your inventory have rotted away.
You enter the shallow water.
Moving in this stuff is going to be slow.
Done exploring.
Done exploring.
Are you sure you want to abandon this character and quit the game? (Confirm with "yes".)

.............#.#....#.#.#
####
##......####.#.#....#.#.#
##...##.............#.#.###
........####.#......#.#...##
.#.........#.#......#.#.#..#
...........................#
..................##≈≈.....#
.#...##.#####...###≈≈##≈...#
.#...##.######..@≈≈≈#≈≈#...#
...............##≈≈≈≈≈≈##..#
...............#≈≈#≈≈≈#≈≈..#
..#####.######.#≈≈≈≈≈≈≈≈#..#
..# #...# #.#≈≈#≈≈#≈##.##
..###.### ##..#≈≈≈≈≈≈#..#
......# #...###≈≈#≈#..#
..###########.....#≈##....#
..........................#


There were no monsters in sight!

Vanquished Creatures
  2 jellies (D:3)
  Jessica (D:3)
  5 adders
  9 oozes
  An adder zombie (D:3)
  2 worms (D:2)
  4 leopard geckos
  10 orcs (D:3)
  2 bats
  4 giant cockroaches
  5 goblins
  5 hobgoblins
  10 jackals
  10 kobolds
  A quokka (D:3)
  3 frilled lizards
  5 rats
79 creatures vanquished.

Vanquished Creatures (others)
  A fungus (D:3)
  7 toadstools (D:3)
8 creatures vanquished.

Grand Total: 87 creatures vanquished

Notes
Turn   | Place    | Note
-------+----------+-------------------------------------------
     0 | D:1      | galech the Demonspawn Fighter began the quest for the Orb.
     0 | D:1      | Reached XP level 1. HP: 18/18 MP: 1/1
   321 | D:1      | You fall through a shaft!
   329 | D:2      | Gained mutation: You have large cloven feet. [demonic
                  | ancestry]
   329 | D:2      | Reached XP level 2. HP: 16/24 MP: 2/2
   862 | D:1      | Reached XP level 3. HP: 19/29 MP: 3/3
  1120 | D:2      | Found a shimmering altar of Xom.
  1355 | D:2      | Reached XP level 4. HP: 35/35 MP: 4/4
  1517 | D:2      | Reached skill level 1 in Dodging
  2081 | D:3      | Noticed Jessica
  2092 | D:3      | Killed Jessica
  2092 | D:3      | Reached XP level 5. HP: 23/41 MP: 5/5
  2618 | D:3      | Gained mutation: A weak demonic guardian rushes to your
                  | aid. [demonic ancestry]
  2618 | D:3      | Reached XP level 6. HP: 36/47 MP: 6/6
  2706 | D:3      | Quit the game

Levels and vault maps discovered:
D:1:      roderic_chinese_lattice_arrival, layout_loops_corners
D:2:      layout_loops_ring, lemuel_doored_altar, first_ration
D:3:      cheibrodos_fertilizer, layout_basic, minivault_4, minmay_between,
          uniq_jessica

Skill      XL: |  1  2  3  4 |
---------------+-------------+-----
Axes           | 2 3 |  3.9
Shields        | 3 |  3.8
Armour         | 3 |  3.2
Dodging        | 1 |  1.4
Fighting       | |  3.6
Stealth        | |  0.1

Action                   |  1- 3 |  4- 6 || total
-------------------------+-------+-------++-------
Melee: War axe           |    91 |    93 ||   184
       Kick              |    10 |    24 ||    34
  Use: Potion            |     1 |     1 ||     2
  Eat: Chunk             |     2 |     4 ||     6
Armor: Scale mail        |    64 |    35 ||    99
Dodge: Dodged            |    26 |    42 ||    68
Block: Shield            |    46 |    57 ||   103

Table legend:
 A = Non-vault XP
 B = Vault XP
 C = Vault XP percentage of total XP
 D = Non-vault monster count
 E = Vault monster count
 F = Vault count percentage of total count
                 A         B        C        D         E       F
            +---------+---------+-------+---------+---------+-------
      Total |     199 |     187 |  48.4 |      60 |      19 |  24.1
            +---------+---------+-------+---------+---------+-------
        D:1 |      34 |       0 |   0.0 |      19 |       0 |   0.0
        D:2 |      79 |       0 |   0.0 |      17 |       0 |   0.0
        D:3 |      86 |     187 |  68.5 |      24 |      19 |  44.2
            +---------+---------+-------+---------+---------+-------
